 Dungeon Crawl Stone Soup version 0.21.1-1-g345015fe64 (console) character file.

1 JoyOfArete the Chopper (level 1, -1/20 HPs)
             Began as a Hill Orc Monk on June 11, 2018.
             Hit by a poisoned javelin thrown by a hobgoblin (4 damage)
             ... on level 1 of the Dungeon.
             The game lasted 00:00:29 (41 turns).

JoyOfArete the Chopper (Hill Orc Monk)                Turns: 41, Time: 00:00:29

Health: -1/20      AC:  3    Str: 13    XL:     1   Next: 20%
Magic:  1/1        EV: 13    Int: 10    God:
Gold:   23         SH:  0    Dex: 13    Spells: 0/0 levels left

rFire    . . .     SeeInvis .   a - +0 hand axe
rCold    . . .     Gourm    .   (no shield)
rNeg     . . .     Faith    .   b - +0 robe
rPois    .         Spirit   .   (no helmet)
rElec    .         Reflect  .   (no cloak)
rCorr    .         Harm     .   (no gloves)
MR       .....                  d - +0 pair of boots
Stlth    ++........             (no amulet)
HPRegen  0.06/turn              (no ring)
MPRegen  0.07/turn              (no ring)

@: lethally poisoned (-1 -> -17)
A: no striking features
a: no special abilities


You were on level 1 of the Dungeon.
You were not hungry.

You visited 1 branch of the dungeon, and saw 1 of its levels.

You collected 23 gold pieces.


   Skills:
 + Level 3.6 Fighting
 + Level 4.0 Axes
 + Level 0.1 Armour
 - Level 2.4 Dodging
 - Level 1.5 Stealth


You couldn't memorise any spells.
You didn't know any spells.

Inventory:

Hand Weapons
 a - a +0 hand axe (weapon)
Armour
 b - a +0 robe (worn)
 d - a +0 pair of boots (worn)
Comestibles
 c - a ration {@e1}

Dungeon Overview and Level Annotations

Branches:
Dungeon (1/15)

Altars:

...$. ..... ..
#.#####.... .....
#.#...K...# #....
#.#.....#.##
#....##.#....r....
.......#.#..g......
#..........(.......
#..................
#......?.(g..#.....
#.....(.@..........
#............#####.
##............#
..............#
..............#
..............#
..............#
..............#
..###..####### .
##.# #.# ##.##
#...# #.#.# #...#
#.#.# #...# #.#.#
#...#


You could see a hobgoblin, a goblin, a kobold and a rat (wandering).


Message History

The goblin misses you.
The hobgoblin shouts!
You hit the goblin.
The goblin is severely wounded.
The goblin hits you with a dagger. The goblin hits you but does no damage.
You hit the goblin.
You kill the goblin!
The hobgoblin throws a poisoned javelin.
The poisoned javelin closely misses you.
A rat comes into view.
The hobgoblin throws a poisoned javelin.
The poisoned javelin hits you.
You are poisoned.
Found 5 gold pieces.
A kobold comes into view.
Things that are here:
a poisoned javelin; a dagger; a goblin corpse You feel sick.
You feel sick.
The hobgoblin throws a poisoned javelin.
The poisoned javelin hits you!
* * * LOW HITPOINT WARNING * * *
You are more poisoned.
You see here a poisoned javelin.
You aren't carrying any potions.
* * * LOW HITPOINT WARNING * * *
You feel sick.
The hobgoblin throws a poisoned javelin.
The poisoned javelin hits you.
You die...

Action                   || total
-------------------------++-------
Melee: Hand axe          ||     2
Armor: Robe              ||     1
Dodge: Dodged            ||     2

Vault maps used:
D:1:      lemuel_arrival_hallway, moated_statue, serial_bayou_lagoon_a

Notes
Turn   | Place    | Note
-------+----------+-------------------------------------------
     0 | D:1      | JoyOfArete the Hill Orc Monk began the quest for the Orb.
     0 | D:1      | Reached XP level 1. HP: 19/19 MP: 1/1
    41 | D:1      | Hit by a poisoned javelin thrown by a hobgoblin

Vanquished Creatures
  A goblin (D:1)
1 creature vanquished.

Table legend:
 A = Turns spent in this place as a percentage of turns spent in the entire game.
 B = Non-inter-level travel turns spent in this place as a percentage of non-inter-level travel turns spent in the entire game.
 C = Inter-level travel turns spent in this place as a percentage of turns spent in this place.
 D = Turns resting spent in this place as a percentage of non-inter-level travel turns spent in this place.
 E = Turns spent auto-exploring this place as a percentage of non-inter-level travel turns spent in this place.
 F = Non-inter-level travel turns spent in this place divided by the number of levels of this place that you've seen.
                   A       B       C       D       E      F
               +-------+-------+-------+-------+-------+----------------------
         Total | 100.0 | 100.0 |   0.0 |   0.0 |  53.7 |  41.0
       Dungeon | 100.0 | 100.0 |   0.0 |   0.0 |  53.7 |  41.0
               +-------+-------+-------+-------+-------+----------------------

Table legend:
 A = Spawn XP
 B = Non-spawn XP
 C = Spawn XP percentage of total XP
 D = Spawn monster count
 E = Non-spawn monster count
 F = Spawn count percentage of total count
 G = Total turns spent on level
                    A         B        C        D         E        F      G
               +---------+---------+-------+---------+---------+-------+---------
         Total |       0 |       2 |   0.0 |       0 |       1 |   0.0 |    41
               +---------+---------+-------+---------+---------+-------+---------
           D:1 |       0 |       2 |   0.0 |       0 |       1 |   0.0 |    41
               +---------+---------+-------+---------+---------+-------+---------
